Map: Ulrena

Players

ILYA - Winner!

  • Race: Terran Terran
  • League: Gold
  • Spawn Location: 7:00

zidar

  • Race: Zerg Zerg
  • League: Silver
  • Spawn Location: 11:00

VOD

Have the link to the VOD?

Description

Time

  • Played on: Feb. 16, 2016, 12:51 p.m.
  • Length: 5:05
Show
View Real Time Build Order
Export as new Build Order

ILYA Terran - Winner!

Build Orders:  

Get SALT Encoding   

  12  0:01  SCV  
  13  0:13  SCV  
  14  0:19  Supply Depot  
  14  0:25  SCV  
  15  0:40  Supply Depot  
  15  0:41  SCV  
  16  0:50  Barracks  
  16  0:54  SCV  
  17  1:07  SCV  
  17  1:09  Refinery  
  18  1:13  Supply Depot  
  18  1:19  SCV  
  19  1:40  Orbital Command  
  19  1:45  Refinery  
  18  1:50  Barracks  
  18  2:00  Barracks Reactor  
  18  2:05  SCV  
  19  2:17  SCV  
  20  2:25  Supply Depot  
  20  2:29  SCV  
  21  2:35  Factory  
  21  2:36  Marine x2  
  23  2:39  Barracks Tech Lab  
  23  2:46  SCV  
  23  2:48  Supply Depot  
  24  2:54  Marine x2  
  26  3:01  Marauder  
  28  3:11  Marine  
  28  3:12  Marine  
  30  3:22  Marauder  
  30  3:26  Factory Tech Lab  
  32  3:29  Marine x2  
  32  3:30  Supply Depot  
  34  3:44  Marauder  
  34  3:47  Marine x2  
  38  4:05  Marine x2, Marauder  
  38  4:07  Siege Tank  
  45  4:23  Marine  
  47  4:41  Barracks Reactor  
Show
View Real Time Build Order
Export as new Build Order

zidar Zerg 

Build Orders: Pool Only 

Get SALT Encoding   

  12  0:02  Drone  
  13  0:12  Overlord  
  13  0:22  Drone  
  14  0:30  Drone x2  
  14  0:34  Drone  
  17  0:48  Spawning Pool  
  17  0:50  Drone  
  16  1:36  Extractor  
  16  1:38  Roach Warren  
  14  1:40  Extractor  
  14  1:45  Overlord  
  14  1:46  Queen  
  15  2:22  Roach x2  
  19  2:24  Roach  
  21  2:37  Roach  
  23  2:50  Roach  
  25  2:54  Ravager  
  26  3:06  Roach x2  
  26  3:10  Overlord x2  
  30  4:21  Queen  
  25  4:40  Roach  
  25  4:41  Roach  
  25  4:42  Zergling x2  
Tags
 
Matchup
TvZ
Opening
Pool Only
Spawn Locations
Close Positions
Add a new tag
Caveats
  • Supply blocks, unpowered buildings, or Contaminate may cause inaccurate times.
  • Supply counts are checked every 10 seconds.